ANAHEIM Ducks vs COLORADO Avalanche

Created - 25 février 2024 at 14:45

Goals
1 2 3 T
ANAHEIM Ducks 2 3 1 6
COLORADO Avalanche 0 1 1 2
Shots
1 2 3 T
ANAHEIM Ducks 8 5 6 19
COLORADO Avalanche 7 4 6 17

1st period

1. ANAHEIM Ducks , Nick Paul 9 (Mark Giordano 11, Brayden Point 14) at 6:31
2. ANAHEIM Ducks , Brayden Point 12 (Brett Pesce 10, MacKenzie Weegar 17) at 17:01

Penalties :
Jordie Benn (COL) for High sticking (Minor) at 3:40, MacKenzie Weegar (ANA) for Roughing (Minor) at 14:31

2nd period

3. ANAHEIM Ducks , Nic Dowd 2 (Brett Pesce 11, MacKenzie Weegar 18) at 3:19
4. ANAHEIM Ducks , Nathan MacKinnon 10 (Brayden Point 15, Elias Lindholm 13) at 9:40 (PP)
5. COLORADO Avalanche , Jordan Eberle 6 (Tyson Barrie 14, Jake DeBrusk 15) at 10:41 (PP)
6. ANAHEIM Ducks , Elias Lindholm 9 (Nathan MacKinnon 9, Mark Giordano 12) at 12:21

Penalties :
Zach Bogosian (COL) for Delaying the game (Minor) at 6:28, Tyson Barrie (COL) for Hooking (Minor) at 9:36, Jeff Carter (ANA) for Holding (Minor) at 10:19, Ryan Lindgren (ANA) for Holding (Minor) at 13:10

3rd period

7. ANAHEIM Ducks , Jeff Carter 7 (Seth Jones 12) at 5:41
8. COLORADO Avalanche , Tomas Nosek 3 (Zach Bogosian 8) at 18:49

Penalties :
Justin Holl (ANA) for Interference (Minor) at 2:32, Seth Jones (ANA) for Slashing (Minor) at 16:43, Nic Dowd (ANA) for Roughing (Minor) at 19:59

Goalie Stats

Philipp Grubauer (ANA), 15 saves from 17 shots - (0,882), W, 12-10-0, 60:00 minutes
Jonathan Quick (COL), 8 saves from 13 shots - (0,615), L, 13-9-2, 32:21 minutes
Magnus Hellberg (COL), 5 saves from 6 shots - (0,833), 27:39 minutes

Players Stats for ANAHEIM Ducks

Player Name              G  A  P  +/- PIM S  H  SB GA TA FO     MP     PP MP  PK MP  
------------------------------------------------------------------------------------
Brayden Point            1  2  3   2  0   3  1  0  0  0  0/0    17:00   1:42   0:00 
Brett Pesce              0  2  2   2  0   1  0  1  0  0  0/0    22:27   1:38   4:48 
Chandler Stephenson      0  0  0   1  0   2  0  0  0  0  1/3    18:40   2:19   2:31 
David Kampf              0  0  0   0  0   0  1  0  0  0  10/12  16:41   0:01   4:50 
Derick Brassard          0  0  0   1  0   0  0  0  0  0  0/0     6:42   0:00   0:00 
Elias Lindholm           1  1  2   1  0   4  1  0  0  0  17/27  21:12   1:42   5:40 
Jeff Carter              1  0  1   2  2   1  1  0  0  0  12/18  18:41   2:20   1:04 
Joel Farabee             0  0  0   0  0   1  0  0  0  0  1/1    11:50   0:00   0:00 
Justin Holl              0  0  0   0  2   0  0  3  0  0  0/0    16:19   0:01   3:15 
MacKenzie Weegar         0  2  2   2  2   0  0  2  0  0  0/0    21:15   2:24   2:51 
Mark Giordano            0  2  2   2  0   0  0  1  0  0  0/0    20:13   1:38   0:00 
Nathan MacKinnon         1  1  2   1  0   2  0  0  0  0  1/1    15:32   1:42   0:00 
Nic Dowd                 1  0  1   1  2   1  0  0  0  0  2/6     9:12   0:00   2:31 
Nick Paul                1  0  1   2  0   2  0  0  0  0  2/3    17:38   2:20   0:00 
Patrick Maroon           0  0  0   1  0   0  0  0  0  0  0/0     6:42   0:00   0:00 
Ryan Lindgren            0  0  0   0  2   0  2  2  0  0  0/0    15:43   0:00   2:40 
Seth Jones               0  1  1   2  2   2  0  2  0  0  0/0    23:59   2:23   3:02 
Warren Foegele           0  0  0   0  0   0  0  0  0  0  0/0    11:50   0:00   0:00 

Players Stats for COLORADO Avalanche

Player Name              G  A  P  +/- PIM S  H  SB GA TA FO     MP     PP MP  PK MP  
------------------------------------------------------------------------------------
Alex Iafallo             0  0  0  -1  0   2  0  0  0  0  0/0     9:02   0:00   0:11 
Craig Smith              0  0  0  -1  0   1  0  1  0  0  5/15   13:33   0:00   0:00 
David Pastrnak           0  0  0  -1  0   0  1  0  0  0  3/5    21:41   3:54   1:34 
Jake DeBrusk             0  1  1  -1  0   3  1  0  0  0  0/0    19:31   4:24   1:34 
Jason Zucker             0  0  0  -1  0   2  2  0  0  0  3/11   13:15   4:24   0:00 
Jeff Skinner             0  0  0  -1  0   0  2  0  0  0  1/2    22:24   3:54   2:17 
Jordan Eberle            1  0  1  -1  0   2  0  0  0  0  4/6    17:57   4:24   0:00 
Jordie Benn              0  0  0  -2  2   0  3  0  0  0  0/0    14:15   0:00   0:11 
Kris Russell             0  0  0  -3  0   0  0  0  0  0  0/0    19:11   3:53   2:07 
Mark Pysyk               0  0  0  -2  0   0  0  3  0  0  0/0    20:35   3:55   2:23 
Nick Foligno             0  0  0  -1  0   0  2  0  0  0  0/0     8:51   0:00   0:00 
Oliver Ekman-Larsson     0  0  0   0  0   0  2  4  0  0  0/0    25:20   4:23   1:39 
Tomas Nosek              1  0  1  -1  0   3  2  0  0  0  5/5     9:14   0:00   0:11 
Trevor Zegras            0  0  0  -1  0   2  1  0  0  0  4/27   22:24   3:54   2:17 
Tyler Johnson            0  0  0  -1  0   0  0  0  0  0  0/0     9:03   0:00   0:00 
Tyson Barrie             0  1  1   0  2   0  3  1  0  0  0/0    25:08   4:23   1:28 
Zach Aston-Reese         0  0  0  -1  0   0  1  0  0  0  0/0     9:03   0:00   0:00 
Zach Bogosian            0  1  1  -1  2   2  0  3  0  0  0/0    15:28   0:02   0:16 

3 Stars

1 - Brayden Point (ANA)
2 - Elias Lindholm (ANA)
3 - Nathan MacKinnon (ANA)

Power Play

ANAHEIM Ducks - 1 on 3 Attempt(s) - 33,33%
COLORADO Avalanche - 1 on 6 Attempt(s) - 16,67%

Penalty Kill

ANAHEIM Ducks - 5 on 6 Attempt(s) - 83,33% - Score 0 goal in Penalty Kill
COLORADO Avalanche - 2 on 3 Attempt(s) - 66,67% - Score 0 goal in Penalty Kill

Team Stat

ANAHEIM Ducks - Hits : 6 - Faceoff Wins : 46 - Blocked Shots : 11 - Penalty Minutes : 12
COLORADO Avalanche - Hits : 20 - Faceoff Wins : 25 - Blocked Shots : 12 - Penalty Minutes : 6

Official

Referees : Justin St. Pierre and Shauna Neary
Linesman : Nikoleta Celarova and Veronica Lovensno

Game Notes

Magnus Hellberg enters game at 12:21 of 2nd period

Finance

Level 1 -- Attendance: 5036 (83,93%) -- Ticket Income $503,600
Level 2 -- Attendance: 3877 (77,54%) -- Ticket Income $232,620
Level 3 -- Attendance: 2000 (100,00%) -- Ticket Income $70,000
Level 4 -- Attendance: 2881 (72,03%) -- Ticket Income $72,025
Luxury Box -- Attendance: 765 (76,50%) -- Ticket Income $153,000
Game was played at the Pepsi Center.
Total Attendance: 14559 (80,88%)
Total Ticket Income: $1,031,245
Other Income: $257,811
Total Income: $1,289,056

ANAHEIM Ducks

5 vs 5 Forward 
   Center                   Left Wing                Right Wing               Time % Phy DF OF 
 1 Elias Lindholm           Chandler Stephenson      Nathan MacKinnon         35     0   2  3  
 2 Jeff Carter              Nick Paul                Brayden Point            35     0   2  3  
 3 David Kampf              Joel Farabee             Warren Foegele           20     1   2  2  
 4 Nic Dowd                 Derick Brassard          Patrick Maroon           10     1   3  1  

5 vs 5 Defense 
   Defense                  Defense                                           Time % Phy DF OF 
 1 Brett Pesce              MacKenzie Weegar                                  40     1   2  2  
 2 Mark Giordano            Seth Jones                                        35     1   2  2  
 3 Justin Holl              Ryan Lindgren                                     20     2   2  1  
 4 Brett Pesce              MacKenzie Weegar                                  5      2   2  1  

PowerPlay Forward 
   Center                   Left Wing                Right Wing               Time % Phy DF OF 
 1 Elias Lindholm           Brayden Point            Nathan MacKinnon         60     0   1  4  
 2 Chandler Stephenson      Nick Paul                Jeff Carter              40     0   1  4  

PowerPlay Defense
   Defense                  Defense                                           Time % Phy DF OF 
 1 Seth Jones               MacKenzie Weegar                                  60     0   1  4  
 2 Mark Giordano            Brett Pesce                                       40     0   1  4  

Penalty Kill 4 Players Forward 
   Center                   Wing                     Time % Phy DF OF 
 1 Elias Lindholm           David Kampf              60     1   3  1  
 2 Chandler Stephenson      Nic Dowd                 40     1   3  1  

Penalty Kill 4 Players Defense
   Defense                  Defense                  Time % Phy DF OF 
 1 Brett Pesce              Ryan Lindgren            60     1   3  1  
 2 MacKenzie Weegar         Justin Holl              40     1   3  1  

Penalty Kill - 3 Players Forward 
   Forward                                           Time % Phy DF OF 
 1 Elias Lindholm                                    60     1   4  0  
 2 Chandler Stephenson                               40     1   4  0  

Penalty Kill - 3 Players Defense
   Defense                  Defense                  Time % Phy DF OF 
 1 Brett Pesce              Ryan Lindgren            60     1   4  0  
 2 MacKenzie Weegar         Justin Holl              40     1   4  0  

4 vs 4 Forward 
   Center                   Wing                     Time % Phy DF OF 
 1 Elias Lindholm           Nathan MacKinnon         60     1   2  2  
 2 Chandler Stephenson      Brayden Point            40     1   2  2  

4 vs 4 Defense
   Defense                  Defense                  Time % Phy DF OF 
 1 MacKenzie Weegar         Brett Pesce              60     1   2  2  
 2 Mark Giordano            Seth Jones               40     1   2  2  

Last Minutes Offensive
   Center                   Left Wing                Right Wing               Defense                  Defense                  
   Elias Lindholm           Brayden Point            Nathan MacKinnon         Seth Jones               MacKenzie Weegar         

Last Minutes Defensive
   Center                   Left Wing                Right Wing               Defense                  Defense                  
   Elias Lindholm           Chandler Stephenson      David Kampf              Ryan Lindgren            Brett Pesce              

Goaltenders
Starting : Philipp Grubauer         
Backup : Brian Elliott            

Extra Forwards
Normal : Jeff Carter, Nick Paul, Joel Farabee - PP : Jeff Carter, Nick Paul - PK : Jeff Carter
Extra Defensemen
Normal : Brett Pesce, Justin Holl, Ryan Lindgren - PP : Brett Pesce - PK : Brett Pesce, Justin Holl
Penalty Shots
Nathan MacKinnon, Brayden Point, Elias Lindholm, Chandler Stephenson, Nick Paul

Scratches
None

COLORADO Avalanche

5 vs 5 Forward 
   Center                   Left Wing                Right Wing               Time % Phy DF OF 
 1 Trevor Zegras            David Pastrnak           Jeff Skinner             40     1   2  2  
 2 Craig Smith              Jake DeBrusk             Jordan Eberle            30     1   2  2  
 3 Jason Zucker             Alex Iafallo             Nick Foligno             20     1   2  2  
 4 Tomas Nosek              Zach Aston-Reese         Tyler Johnson            10     1   2  2  

5 vs 5 Defense 
   Defense                  Defense                                           Time % Phy DF OF 
 1 Tyson Barrie             Oliver Ekman-Larsson                              40     1   2  2  
 2 Zach Bogosian            Mark Pysyk                                        30     1   2  2  
 3 Jordie Benn              Kris Russell                                      20     1   2  2  
 4 Tyson Barrie             Oliver Ekman-Larsson                              10     1   2  2  

PowerPlay Forward 
   Center                   Left Wing                Right Wing               Time % Phy DF OF 
 1 David Pastrnak           Trevor Zegras            Jeff Skinner             60     1   2  2  
 2 Jordan Eberle            Jason Zucker             Jake DeBrusk             40     1   2  2  

PowerPlay Defense
   Defense                  Defense                                           Time % Phy DF OF 
 1 Tyson Barrie             Oliver Ekman-Larsson                              60     1   2  2  
 2 Kris Russell             Mark Pysyk                                        40     1   2  2  

Penalty Kill 4 Players Forward 
   Center                   Wing                     Time % Phy DF OF 
 1 Trevor Zegras            Jeff Skinner             60     1   2  2  
 2 David Pastrnak           Jake DeBrusk             40     1   2  2  

Penalty Kill 4 Players Defense
   Defense                  Defense                  Time % Phy DF OF 
 1 Tyson Barrie             Oliver Ekman-Larsson     60     1   2  2  
 2 Kris Russell             Mark Pysyk               40     1   2  2  

Penalty Kill - 3 Players Forward 
   Forward                                           Time % Phy DF OF 
 1 Trevor Zegras                                     60     1   2  2  
 2 Jake DeBrusk                                      40     1   2  2  

Penalty Kill - 3 Players Defense
   Defense                  Defense                  Time % Phy DF OF 
 1 Tyson Barrie             Oliver Ekman-Larsson     60     1   2  2  
 2 Kris Russell             Mark Pysyk               40     1   2  2  

4 vs 4 Forward 
   Center                   Wing                     Time % Phy DF OF 
 1 David Pastrnak           Jordan Eberle            60     1   2  2  
 2 Trevor Zegras            Jake DeBrusk             40     1   2  2  

4 vs 4 Defense
   Defense                  Defense                  Time % Phy DF OF 
 1 Tyson Barrie             Oliver Ekman-Larsson     60     1   2  2  
 2 Zach Bogosian            Mark Pysyk               40     1   2  2  

Last Minutes Offensive
   Center                   Left Wing                Right Wing               Defense                  Defense                  
   Trevor Zegras            David Pastrnak           Jeff Skinner             Tyson Barrie             Oliver Ekman-Larsson     

Last Minutes Defensive
   Center                   Left Wing                Right Wing               Defense                  Defense                  
   Trevor Zegras            David Pastrnak           Jeff Skinner             Tyson Barrie             Oliver Ekman-Larsson     

Goaltenders
Starting : Jonathan Quick           
Backup : Magnus Hellberg          

Extra Forwards
Normal : Jake DeBrusk, Jeff Skinner, Trevor Zegras - PP : Trevor Zegras, Jake DeBrusk - PK : Jake DeBrusk
Extra Defensemen
Normal : Oliver Ekman-Larsson, Kris Russell, Tyson Barrie - PP : Oliver Ekman-Larsson - PK : Kris Russell, Tyson Barrie
Penalty Shots
Jake DeBrusk, Jeff Skinner, Jordan Eberle, Trevor Zegras, Alex Iafallo

Scratches
None


% Time on Ice - ANAHEIM Ducks

Lines # - Real PCT - Wanted PCT - Time Play
Normal Forward
1 - 29% - 35% - 13:50
2 - 32% - 35% - 15:18
3 - 25% - 20% - 11:50
4 - 14% - 10% - 6:42
Normal Defense
1 - 34% - 40% - 16:01
2 - 39% - 35% - 18:35
3 - 27% - 20% - 13:04
4 - 0% - 5% - 0:00
PP Forward
1 - 42% - 60% - 1:42
2 - 58% - 40% - 2:20
PP Defense
1 - 60% - 60% - 2:24
2 - 40% - 40% - 1:38
PK Forward
1 - 70% - 60% - 5:47
2 - 30% - 40% - 2:31
PK Defense
1 - 52% - 60% - 4:21
2 - 48% - 40% - 3:57
PK3 Forward
1 - 0% - 60%
2 - 0% - 40%
PK3 Defense
1 - 0% - 60%
2 - 0% - 40%
44 Forward
1 - 0% - 60%
2 - 0% - 40%
44 Defense
1 - 0% - 60%
2 - 0% - 40%
Last Minute Offensive  - 0:00
Last Minute Defensive  - 0:00
Total
Forward - 60:00
Defense - 60:00

% Time on Ice - COLORADO Avalanche

Lines # - Real PCT - Wanted PCT - Time Play
Normal Forward
1 - 34% - 40% - 16:13
2 - 28% - 30% - 13:33
3 - 19% - 20% - 8:51
4 - 19% - 10% - 9:03
Normal Defense
1 - 38% - 40% - 18:16
2 - 32% - 30% - 15:11
3 - 28% - 20% - 13:11
4 - 2% - 10% - 1:02
PP Forward
1 - 47% - 60% - 3:54
2 - 53% - 40% - 4:24
PP Defense
1 - 53% - 60% - 4:23
2 - 47% - 40% - 3:55
PK Forward
1 - 61% - 60% - 2:28
2 - 39% - 40% - 1:34
PK Defense
1 - 41% - 60% - 1:39
2 - 59% - 40% - 2:23
PK3 Forward
1 - 0% - 60%
2 - 0% - 40%
PK3 Defense
1 - 0% - 60%
2 - 0% - 40%
44 Forward
1 - 0% - 60%
2 - 0% - 40%
44 Defense
1 - 0% - 60%
2 - 0% - 40%
Last Minute Offensive  - 0:00
Last Minute Defensive  - 0:00
Total
Forward - 60:00
Defense - 60:00

Play-by-Play

1st period


0:01 of 1st period - Elias Lindholm wins face-off versus Trevor Zegras in neutral zone.
0:04 of 1st period - Shot by Nathan MacKinnon.
0:04 of 1st period - Stopped by Jonathan Quick without a rebound.
0:05 of 1st period - Jeff Carter wins face-off versus Craig Smith in COLORADO Avalanche zone.
1:24 of 1st period - Shot by Elias Lindholm.
1:24 of 1st period - Stopped by Jonathan Quick without a rebound.
1:25 of 1st period - Trevor Zegras wins face-off versus David Kampf in COLORADO Avalanche zone.
1:25 of 1st period - David Pastrnak is hit by David Kampf and loses puck.
2:27 of 1st period - Icing by Brett Pesce.
2:28 of 1st period - Nic Dowd wins face-off versus Jason Zucker in ANAHEIM Ducks zone.
2:35 of 1st period - Shot by MacKenzie Weegar.
2:35 of 1st period - Shot Misses the Net.
2:53 of 1st period - Shot by Alex Iafallo.
2:53 of 1st period - Deflect By Jason Zucker.
2:53 of 1st period - Stopped by Philipp Grubauer with a rebound.
3:05 of 1st period - Shot by Jason Zucker.
3:05 of 1st period - Shot Blocked by MacKenzie Weegar.
3:18 of 1st period - Icing by Alex Iafallo.
3:19 of 1st period - Chandler Stephenson wins face-off versus Jason Zucker in COLORADO Avalanche zone.
3:26 of 1st period - Shot by Elias Lindholm.
3:26 of 1st period - Shot Misses the Net.
3:40 of 1st period - Minor Penalty to Jordie Benn for High sticking.
3:41 of 1st period - Jeff Skinner wins face-off versus Chandler Stephenson in COLORADO Avalanche zone.
3:41 of 1st period - Tyson Barrie is hit by Jeff Carter.
4:53 of 1st period - Shot by Nathan MacKinnon.
4:53 of 1st period - Shot Misses the Net.
4:55 of 1st period - Shot by Brett Pesce.
4:55 of 1st period - Shot Misses the Net.
4:57 of 1st period - Shot by Brett Pesce.
4:57 of 1st period - Stopped by Jonathan Quick without a rebound.
4:58 of 1st period - Elias Lindholm wins face-off versus Trevor Zegras in COLORADO Avalanche zone.
4:59 of 1st period - Shot by Brett Pesce.
4:59 of 1st period - Shot Misses the Net.
5:14 of 1st period - Off-side.
5:15 of 1st period - David Pastrnak wins face-off versus Chandler Stephenson in neutral zone.
6:23 of 1st period - Shot by Joel Farabee.
6:23 of 1st period - Stopped by Jonathan Quick without a rebound.
6:24 of 1st period - Jeff Carter wins face-off versus Trevor Zegras in COLORADO Avalanche zone.
6:27 of 1st period - Shot by Brayden Point.
6:27 of 1st period - Shot Misses the Net.
6:29 of 1st period - Shot by Mark Giordano.
6:29 of 1st period - Shot Blocked by Zach Bogosian.
6:31 of 1st period - Shot by Nick Paul.
6:31 of 1st period - Goal by Nick Paul - ANAHEIM Ducks : 1 - COLORADO Avalanche : 0.
6:32 of 1st period - Elias Lindholm wins face-off versus Trevor Zegras in neutral zone.
6:54 of 1st period - Shot by Trevor Zegras.
6:54 of 1st period - Shot Blocked by MacKenzie Weegar.
6:56 of 1st period - Shot by Zach Bogosian.
6:56 of 1st period - Shot Misses the Net.
7:09 of 1st period - Shot by David Pastrnak.
7:09 of 1st period - Deflect By Jeff Skinner.
7:09 of 1st period - Shot Misses the Net.
7:15 of 1st period - Shot by Jeff Skinner.
7:15 of 1st period - Shot Misses the Net.
7:41 of 1st period - Shot by Jake DeBrusk.
7:41 of 1st period - Shot Misses the Net.
7:47 of 1st period - Shot by Jake DeBrusk.
7:47 of 1st period - Shot Misses the Net.
8:01 of 1st period - Kris Russell is hit by Brayden Point and loses puck.
8:15 of 1st period - Icing by Mark Giordano.
8:16 of 1st period - Jason Zucker wins face-off versus Jeff Carter in ANAHEIM Ducks zone.
8:35 of 1st period - Shot by Jason Zucker.
8:35 of 1st period - Shot Misses the Net.
8:45 of 1st period - Shot by Alex Iafallo.
8:45 of 1st period - Shot Misses the Net.
8:47 of 1st period - Shot by Alex Iafallo.
8:47 of 1st period - Shot Misses the Net.
8:55 of 1st period - Shot by Jason Zucker.
8:55 of 1st period - Stopped by Philipp Grubauer with a rebound.
9:29 of 1st period - Shot by Trevor Zegras.
9:29 of 1st period - Stopped by Philipp Grubauer without a rebound.
9:30 of 1st period - David Kampf wins face-off versus Craig Smith in ANAHEIM Ducks zone.
9:59 of 1st period - Shot by Craig Smith.
9:59 of 1st period - Shot Misses the Net.
10:32 of 1st period - Nathan MacKinnon is hit by Jordie Benn.
10:52 of 1st period - Shot by Trevor Zegras.
10:52 of 1st period - Stopped by Philipp Grubauer without a rebound.
10:53 of 1st period - Tomas Nosek wins face-off versus Nic Dowd in ANAHEIM Ducks zone.
11:20 of 1st period - Shot by Tyson Barrie.
11:20 of 1st period - Shot Misses the Net.
11:24 of 1st period - Shot by Tomas Nosek.
11:24 of 1st period - Stopped by Philipp Grubauer without a rebound.
11:25 of 1st period - Elias Lindholm wins face-off versus Trevor Zegras in ANAHEIM Ducks zone.
12:50 of 1st period - Shot by Jake DeBrusk.
12:50 of 1st period - Shot Misses the Net.
13:09 of 1st period - Off-side.
13:10 of 1st period - David Kampf wins face-off versus Jason Zucker in neutral zone.
14:31 of 1st period - Minor Penalty to MacKenzie Weegar for Roughing.
14:32 of 1st period - David Pastrnak wins face-off versus Elias Lindholm in ANAHEIM Ducks zone.
15:26 of 1st period - Icing by Jake DeBrusk.
15:27 of 1st period - Elias Lindholm wins face-off versus Jordan Eberle in COLORADO Avalanche zone.
16:30 of 1st period - Shot by Jeff Skinner.
16:30 of 1st period - Shot Blocked by Justin Holl.
16:35 of 1st period - Off-side.
16:36 of 1st period - Tomas Nosek wins face-off versus Jeff Carter in neutral zone.
17:01 of 1st period - Shot by Brayden Point.
17:01 of 1st period - Goal by Brayden Point - ANAHEIM Ducks : 2 - COLORADO Avalanche : 0.
17:02 of 1st period - Craig Smith wins face-off versus Nic Dowd in neutral zone.
17:14 of 1st period - Shot by Craig Smith.
17:14 of 1st period - Stopped by Philipp Grubauer with a rebound.
17:16 of 1st period - Shot by Jake DeBrusk.
17:16 of 1st period - Stopped by Philipp Grubauer with a rebound.
17:47 of 1st period - Icing by Justin Holl.
17:48 of 1st period - Nic Dowd wins face-off versus Trevor Zegras in ANAHEIM Ducks zone.
18:15 of 1st period - Icing by David Pastrnak.
18:16 of 1st period - Jeff Carter wins face-off versus Trevor Zegras in COLORADO Avalanche zone.
18:20 of 1st period - Brayden Point is hit by Tyson Barrie and loses puck.
18:29 of 1st period - Icing by Jeff Skinner.
18:30 of 1st period - Elias Lindholm wins face-off versus Trevor Zegras in COLORADO Avalanche zone.
18:47 of 1st period - Elias Lindholm is hit by Oliver Ekman-Larsson and loses puck.
18:52 of 1st period - Shot by Chandler Stephenson.
18:52 of 1st period - Stopped by Jonathan Quick without a rebound.
18:53 of 1st period - Craig Smith wins face-off versus Jeff Carter in COLORADO Avalanche zone.
19:27 of 1st period - Shot by Brayden Point.
19:27 of 1st period - Shot Blocked by Mark Pysyk.
19:30 of 1st period - Icing by Mark Pysyk.
19:31 of 1st period - Craig Smith wins face-off versus Elias Lindholm in COLORADO Avalanche zone.
19:38 of 1st period - Shot by Seth Jones.
19:38 of 1st period - Stopped by Jonathan Quick with a rebound.
Goals for this period are 2 for ANAHEIM Ducks vs 0 for COLORADO Avalanche.
Shots for this period are 8 for ANAHEIM Ducks vs 7 for COLORADO Avalanche.

2nd period


0:01 of 2nd period - Jeff Carter wins face-off versus Trevor Zegras in neutral zone.
0:05 of 2nd period - Nick Paul is hit by Tyson Barrie and loses puck.
0:12 of 2nd period - Shot by Brayden Point.
0:12 of 2nd period - Stopped by Jonathan Quick without a rebound.
0:13 of 2nd period - Elias Lindholm wins face-off versus Jason Zucker in COLORADO Avalanche zone.
0:26 of 2nd period - Mark Giordano is hit by Jason Zucker and loses puck.
0:41 of 2nd period - Shot by Chandler Stephenson.
0:41 of 2nd period - Shot Misses the Net.
0:46 of 2nd period - Elias Lindholm is hit by Jordie Benn and loses puck.
2:27 of 2nd period - Shot by Joel Farabee.
2:27 of 2nd period - Shot Blocked by Mark Pysyk.
2:33 of 2nd period - Shot by Joel Farabee.
2:33 of 2nd period - Shot Hit the Post.
2:35 of 2nd period - Shot by Warren Foegele.
2:35 of 2nd period - Shot Misses the Net.
2:37 of 2nd period - Shot by David Kampf.
2:37 of 2nd period - Shot Blocked by Zach Bogosian.
2:39 of 2nd period - Shot by David Kampf.
2:39 of 2nd period - Deflect By Warren Foegele.
2:39 of 2nd period - Shot Misses the Net.
2:41 of 2nd period - Shot by Justin Holl.
2:41 of 2nd period - Deflect By Warren Foegele.
2:41 of 2nd period - Shot Misses the Net.
2:43 of 2nd period - Shot by Warren Foegele.
2:43 of 2nd period - Deflect By Joel Farabee.
2:43 of 2nd period - Shot Misses the Net.
2:45 of 2nd period - Shot by Joel Farabee.
2:45 of 2nd period - Shot Misses the Net.
2:47 of 2nd period - Shot by Ryan Lindgren.
2:47 of 2nd period - Shot Misses the Net.
3:19 of 2nd period - Shot by Nic Dowd.
3:19 of 2nd period - Goal by Nic Dowd - ANAHEIM Ducks : 3 - COLORADO Avalanche : 0.
3:20 of 2nd period - Elias Lindholm wins face-off versus Jason Zucker in neutral zone.
3:25 of 2nd period - Tyson Barrie is hit by Elias Lindholm and loses puck.
3:46 of 2nd period - Shot by Seth Jones.
3:46 of 2nd period - Stopped by Jonathan Quick without a rebound.
3:47 of 2nd period - Jeff Carter wins face-off versus Trevor Zegras in COLORADO Avalanche zone.
5:11 of 2nd period - Shot by Joel Farabee.
5:11 of 2nd period - Shot Misses the Net.
5:13 of 2nd period - Shot by Joel Farabee.
5:13 of 2nd period - Deflect By David Kampf.
5:13 of 2nd period - Shot Blocked by Tyson Barrie.
6:05 of 2nd period - Shot by Nathan MacKinnon.
6:05 of 2nd period - Shot Blocked by Oliver Ekman-Larsson.
6:16 of 2nd period - Icing by MacKenzie Weegar.
6:17 of 2nd period - Jeff Carter wins face-off versus Trevor Zegras in ANAHEIM Ducks zone.
6:17 of 2nd period - Jeff Carter is hit by Trevor Zegras.
6:20 of 2nd period - Brayden Point is hit by Jeff Skinner and loses puck.
6:28 of 2nd period - Minor Penalty to Zach Bogosian for Delaying the game.
6:29 of 2nd period - Jeff Carter wins face-off versus Trevor Zegras in COLORADO Avalanche zone.
6:51 of 2nd period - Icing by Chandler Stephenson.
6:52 of 2nd period - Trevor Zegras wins face-off versus Nick Paul in ANAHEIM Ducks zone.
7:45 of 2nd period - Brayden Point is hit by Jake DeBrusk and loses puck.
8:46 of 2nd period - Shot by Jason Zucker.
8:46 of 2nd period - Shot Blocked by Justin Holl.
9:00 of 2nd period - Shot by Nick Foligno.
9:00 of 2nd period - Shot Misses the Net.
9:21 of 2nd period - Off-side.
9:22 of 2nd period - David Kampf wins face-off versus Craig Smith in neutral zone.
9:29 of 2nd period - Shot by Joel Farabee.
9:29 of 2nd period - Shot Misses the Net.
9:31 of 2nd period - Shot by Brett Pesce.
9:31 of 2nd period - Shot Blocked by Oliver Ekman-Larsson.
9:33 of 2nd period - Shot by Brett Pesce.
9:33 of 2nd period - Shot Blocked by Craig Smith.
9:36 of 2nd period - Minor Penalty to Tyson Barrie for Hooking.
9:37 of 2nd period - Elias Lindholm wins face-off versus Trevor Zegras in COLORADO Avalanche zone.
9:40 of 2nd period - Shot by Brayden Point.
9:40 of 2nd period - Deflect By Nathan MacKinnon.
9:40 of 2nd period - Goal by Nathan MacKinnon - ANAHEIM Ducks : 4 - COLORADO Avalanche : 0.
9:41 of 2nd period - Jeff Carter wins face-off versus Trevor Zegras in neutral zone.
10:12 of 2nd period - Shot by Brayden Point.
10:12 of 2nd period - Shot Misses the Net.
10:19 of 2nd period - Minor Penalty to Jeff Carter for Holding.
10:20 of 2nd period - Jordan Eberle wins face-off versus Elias Lindholm in ANAHEIM Ducks zone.
10:41 of 2nd period - Shot by Jordan Eberle.
10:41 of 2nd period - Goal by Jordan Eberle - ANAHEIM Ducks : 4 - COLORADO Avalanche : 1.
10:42 of 2nd period - Tomas Nosek wins face-off versus Nic Dowd in neutral zone.
10:49 of 2nd period - Shot by Tomas Nosek.
10:49 of 2nd period - Shot Misses the Net.
11:41 of 2nd period - Elias Lindholm is hit by Zach Aston-Reese and loses puck.
11:53 of 2nd period - Chandler Stephenson is hit by Tomas Nosek and loses puck.
12:11 of 2nd period - Shot by Chandler Stephenson.
12:11 of 2nd period - Shot Misses the Net.
12:21 of 2nd period - Shot by Elias Lindholm.
12:21 of 2nd period - Goal by Elias Lindholm - ANAHEIM Ducks : 5 - COLORADO Avalanche : 1.
12:21 of 2nd period - Magnus Hellberg enters game.
12:22 of 2nd period - Trevor Zegras wins face-off versus Jeff Carter in neutral zone.
13:10 of 2nd period - Minor Penalty to Ryan Lindgren for Holding.
13:11 of 2nd period - Elias Lindholm wins face-off versus Jordan Eberle in ANAHEIM Ducks zone.
13:30 of 2nd period - Shot by Oliver Ekman-Larsson.
13:30 of 2nd period - Shot Blocked by Seth Jones.
13:32 of 2nd period - Shot by Tyson Barrie.
13:32 of 2nd period - Deflect By Jordan Eberle.
13:32 of 2nd period - Stopped by Philipp Grubauer without a rebound.
13:33 of 2nd period - Jordan Eberle wins face-off versus Elias Lindholm in ANAHEIM Ducks zone.
13:34 of 2nd period - Shot by Jason Zucker.
13:34 of 2nd period - Deflect By Jake DeBrusk.
13:34 of 2nd period - Stopped by Philipp Grubauer without a rebound.
13:35 of 2nd period - Elias Lindholm wins face-off versus Jason Zucker in ANAHEIM Ducks zone.
13:41 of 2nd period - Icing by Jake DeBrusk.
13:42 of 2nd period - Jason Zucker wins face-off versus Elias Lindholm in COLORADO Avalanche zone.
14:16 of 2nd period - Icing by Jordan Eberle.
14:17 of 2nd period - Jordan Eberle wins face-off versus Elias Lindholm in COLORADO Avalanche zone.
14:26 of 2nd period - Seth Jones is hit by Jason Zucker and loses puck.
14:45 of 2nd period - Off-side.
14:46 of 2nd period - David Pastrnak wins face-off versus Elias Lindholm in neutral zone.
15:06 of 2nd period - Shot by David Pastrnak.
15:06 of 2nd period - Shot Blocked by Brett Pesce.
15:36 of 2nd period - Shot by Tyler Johnson.
15:36 of 2nd period - Shot Blocked by Seth Jones.
15:38 of 2nd period - Shot by Tomas Nosek.
15:38 of 2nd period - Stopped by Philipp Grubauer without a rebound.
15:39 of 2nd period - Elias Lindholm wins face-off versus Jeff Skinner in ANAHEIM Ducks zone.
15:55 of 2nd period - David Pastrnak is hit by Ryan Lindgren and loses puck.
16:02 of 2nd period - Shot by Jeff Skinner.
16:02 of 2nd period - Shot Blocked by Ryan Lindgren.
16:45 of 2nd period - Icing by Jordie Benn.
16:46 of 2nd period - Jeff Carter wins face-off versus Craig Smith in COLORADO Avalanche zone.
17:14 of 2nd period - Icing by Jake DeBrusk.
17:15 of 2nd period - Craig Smith wins face-off versus David Kampf in COLORADO Avalanche zone.
17:27 of 2nd period - Icing by Mark Giordano.
17:28 of 2nd period - David Kampf wins face-off versus Trevor Zegras in ANAHEIM Ducks zone.
18:07 of 2nd period - Shot by Jeff Skinner.
18:07 of 2nd period - Shot Blocked by Mark Giordano.
18:14 of 2nd period - Icing by David Kampf.
18:15 of 2nd period - David Kampf wins face-off versus Craig Smith in ANAHEIM Ducks zone.
19:10 of 2nd period - Joel Farabee is hit by Nick Foligno and loses puck.
19:35 of 2nd period - Icing by Warren Foegele.
19:36 of 2nd period - David Kampf wins face-off versus Trevor Zegras in ANAHEIM Ducks zone.
Goals for this period are 3 for ANAHEIM Ducks vs 1 for COLORADO Avalanche.
Shots for this period are 5 for ANAHEIM Ducks vs 4 for COLORADO Avalanche.

3rd period


0:01 of 3rd period - Nick Paul wins face-off versus Trevor Zegras in neutral zone.
0:08 of 3rd period - Shot by Brayden Point.
0:08 of 3rd period - Stopped by Magnus Hellberg without a rebound.
0:09 of 3rd period - Elias Lindholm wins face-off versus Trevor Zegras in COLORADO Avalanche zone.
0:28 of 3rd period - Shot by Elias Lindholm.
0:28 of 3rd period - Stopped by Magnus Hellberg without a rebound.
0:29 of 3rd period - Jeff Carter wins face-off versus Craig Smith in COLORADO Avalanche zone.
0:36 of 3rd period - Shot by Brayden Point.
0:36 of 3rd period - Deflect By Nick Paul.
0:36 of 3rd period - Stopped by Magnus Hellberg with a rebound.
0:38 of 3rd period - Shot by Jeff Carter.
0:38 of 3rd period - Shot Misses the Net.
1:19 of 3rd period - Icing by Seth Jones.
1:20 of 3rd period - Jeff Carter wins face-off versus Trevor Zegras in ANAHEIM Ducks zone.
1:58 of 3rd period - Off-side.
1:59 of 3rd period - David Kampf wins face-off versus Jason Zucker in neutral zone.
2:32 of 3rd period - Minor Penalty to Justin Holl for Interference.
2:33 of 3rd period - Elias Lindholm wins face-off versus David Pastrnak in ANAHEIM Ducks zone.
2:41 of 3rd period - Off-side.
2:42 of 3rd period - Elias Lindholm wins face-off versus David Pastrnak in neutral zone.
4:55 of 3rd period - Shot by Derick Brassard.
4:55 of 3rd period - Shot Misses the Net.
4:57 of 3rd period - Shot by Ryan Lindgren.
4:57 of 3rd period - Shot Blocked by Mark Pysyk.
4:59 of 3rd period - Shot by Ryan Lindgren.
4:59 of 3rd period - Shot Blocked by Zach Bogosian.
5:41 of 3rd period - Shot by Jeff Carter.
5:41 of 3rd period - Goal by Jeff Carter - ANAHEIM Ducks : 6 - COLORADO Avalanche : 1.
5:42 of 3rd period - David Kampf wins face-off versus Craig Smith in neutral zone.
6:23 of 3rd period - Shot by David Kampf.
6:23 of 3rd period - Shot Blocked by Oliver Ekman-Larsson.
6:48 of 3rd period - Off-side.
6:49 of 3rd period - Jason Zucker wins face-off versus Elias Lindholm in neutral zone.
7:02 of 3rd period - Shot by Elias Lindholm.
7:02 of 3rd period - Deflect By Chandler Stephenson.
7:02 of 3rd period - Shot Misses the Net.
8:02 of 3rd period - Shot by Jeff Skinner.
8:02 of 3rd period - Shot Misses the Net.
8:11 of 3rd period - David Pastrnak is hit by Ryan Lindgren and loses puck.
8:22 of 3rd period - Shot by Craig Smith.
8:22 of 3rd period - Shot Blocked by Justin Holl.
8:24 of 3rd period - Shot by Jordan Eberle.
8:24 of 3rd period - Deflect By Jake DeBrusk.
8:24 of 3rd period - Shot Misses the Net.
8:26 of 3rd period - Shot by Zach Bogosian.
8:26 of 3rd period - Stopped by Philipp Grubauer without a rebound.
8:27 of 3rd period - David Kampf wins face-off versus Craig Smith in ANAHEIM Ducks zone.
8:31 of 3rd period - Off-side.
8:32 of 3rd period - Joel Farabee wins face-off versus Craig Smith in neutral zone.
8:52 of 3rd period - Shot by Craig Smith.
8:52 of 3rd period - Shot Misses the Net.
8:54 of 3rd period - Shot by Craig Smith.
8:54 of 3rd period - Shot Misses the Net.
9:02 of 3rd period - Shot by Jake DeBrusk.
9:02 of 3rd period - Stopped by Philipp Grubauer without a rebound.
9:03 of 3rd period - Elias Lindholm wins face-off versus Trevor Zegras in ANAHEIM Ducks zone.
9:03 of 3rd period - Elias Lindholm is hit by Jeff Skinner.
9:06 of 3rd period - Icing by Nathan MacKinnon.
9:07 of 3rd period - Nathan MacKinnon wins face-off versus Trevor Zegras in ANAHEIM Ducks zone.
9:56 of 3rd period - Icing by Nathan MacKinnon.
9:57 of 3rd period - Elias Lindholm wins face-off versus Craig Smith in ANAHEIM Ducks zone.
10:18 of 3rd period - Icing by Nick Paul.
10:19 of 3rd period - Jeff Carter wins face-off versus Jason Zucker in ANAHEIM Ducks zone.
10:19 of 3rd period - Jeff Carter is hit by Nick Foligno.
10:43 of 3rd period - Shot by Jason Zucker.
10:43 of 3rd period - Deflect By Alex Iafallo.
10:43 of 3rd period - Stopped by Philipp Grubauer without a rebound.
10:44 of 3rd period - David Kampf wins face-off versus Trevor Zegras in ANAHEIM Ducks zone.
11:06 of 3rd period - Joel Farabee is hit by Oliver Ekman-Larsson and loses puck.
11:38 of 3rd period - Off-side.
11:39 of 3rd period - Craig Smith wins face-off versus Jeff Carter in neutral zone.
11:46 of 3rd period - Shot by Zach Bogosian.
11:46 of 3rd period - Stopped by Philipp Grubauer with a rebound.
11:54 of 3rd period - Shot by Jake DeBrusk.
11:54 of 3rd period - Shot Misses the Net.
13:02 of 3rd period - Shot by Alex Iafallo.
13:02 of 3rd period - Stopped by Philipp Grubauer without a rebound.
13:03 of 3rd period - Trevor Zegras wins face-off versus Elias Lindholm in ANAHEIM Ducks zone.
13:19 of 3rd period - Nathan MacKinnon is hit by Tyson Barrie and loses puck.
13:32 of 3rd period - Shot by Nathan MacKinnon.
13:32 of 3rd period - Shot Misses the Net.
13:34 of 3rd period - Shot by Chandler Stephenson.
13:34 of 3rd period - Shot Blocked by Oliver Ekman-Larsson.
13:36 of 3rd period - Shot by Elias Lindholm.
13:36 of 3rd period - Shot Misses the Net.
13:38 of 3rd period - Shot by Elias Lindholm.
13:38 of 3rd period - Stopped by Magnus Hellberg with a rebound.
14:19 of 3rd period - Shot by Joel Farabee.
14:19 of 3rd period - Deflect By David Kampf.
14:19 of 3rd period - Shot Misses the Net.
14:38 of 3rd period - Shot by Jordan Eberle.
14:38 of 3rd period - Shot Blocked by Ryan Lindgren.
15:17 of 3rd period - Off-side.
15:18 of 3rd period - Tomas Nosek wins face-off versus Nic Dowd in neutral zone.
15:28 of 3rd period - Brett Pesce is hit by Jordie Benn and loses puck.
16:07 of 3rd period - Shot by Nathan MacKinnon.
16:07 of 3rd period - Shot Misses the Net.
16:09 of 3rd period - Shot by Mark Giordano.
16:09 of 3rd period - Shot Misses the Net.
16:11 of 3rd period - Shot by Chandler Stephenson.
16:11 of 3rd period - Stopped by Magnus Hellberg without a rebound.
16:12 of 3rd period - Nick Paul wins face-off versus Trevor Zegras in COLORADO Avalanche zone.
16:27 of 3rd period - Mark Giordano is hit by David Pastrnak and loses puck.
16:43 of 3rd period - Minor Penalty to Seth Jones for Slashing.
16:44 of 3rd period - Jordan Eberle wins face-off versus Elias Lindholm in ANAHEIM Ducks zone.
18:23 of 3rd period - Shot by Nic Dowd.
18:23 of 3rd period - Shot Misses the Net.
18:49 of 3rd period - Shot by Tomas Nosek.
18:49 of 3rd period - Goal by Tomas Nosek - ANAHEIM Ducks : 6 - COLORADO Avalanche : 2.
18:50 of 3rd period - Tomas Nosek wins face-off versus Jeff Carter in neutral zone.
18:53 of 3rd period - Nick Paul is hit by Tomas Nosek and loses puck.
19:59 of 3rd period - Minor Penalty to Nic Dowd for Roughing.
Goals for this period are 1 for ANAHEIM Ducks vs 1 for COLORADO Avalanche.
Shots for this period are 6 for ANAHEIM Ducks vs 6 for COLORADO Avalanche. Output by the SimonT Hockey Simulator (STHS) for Martin Benoit - Original Page W3C HTML5 Valid
Hockey Simulator - Hockey Simulation - Hockey Manager